[Event "ICC tourney 2109 (75 10)"]
[Site "Internet Chess Club"]
[Date "2020.11.06"]
[Round "1"]
[White "chessmilano"]
[Black "bg26723"]
[Result "0-1"]
[ICCResult "White checkmated"]
[WhiteElo "1710"]
[BlackElo "1918"]
[Opening "Queen's pawn, Mason variation"]
[ECO "D00"]
[NIC "QP.08"]
[Time "20:03:59"]
[PlyCount "106"]
[TimeControl "4500+10"]

1. d4 d5 2. Bf4 Nf6 3. e3 Bg4 4. Be2 Bxe2 5. Qxe2 c6 6. Nf3 Nbd7 7. h3 e6
8. O-O Be7 9. c4 c5 10. Nc3 cxd4 11. exd4 dxc4 12. Qxc4 O-O 13. Rfd1 Nb6
14. Qe2 Nbd5 15. Nxd5 Nxd5 16. Bg3 Bf6 17. Ne5 Qe7 18. Rac1 Rac8 19. Nf3
Rfd8 20. a3 Qd7 21. Be5 Qa4 22. Bxf6 Nxf6 23. Rxc8 Rxc8 24. Rd2 Nd5 25. Qe4
Rc1+ 26. Kh2 h6 27. Ne5 Qb3 28. Nd3 Rc4 29. Nc5 Qb6 30. Qd3 Rc1 31. Qg3 Qb5
32. Qb8+ Kh7 33. Qxb7 Rxc5 34. Qxf7 Qb8+ 35. g3 Rc6 36. Re2 Qd6 37. Qxa7
Nf6 38. Qa4 Qd5 39. Qd1 Rc4 40. Qd3+ Kg8 41. Rc2 Rxd4 42. Qg6 Qa8 43. Rc7
Qf8 44. Rc2 Rd1 45. Kg2 Qa8+ 46. f3 Qa6 47. Rf2 Qa5 48. b4 Qe5 49. Qc2 Qe1
50. Qc8+ Kh7 51. Qc2+ Kh8 52. Qc8+ Ng8 53. f4 Qh1# { White checkmated } 0-1

[Event "ICC tourney 2109 (75 10)"]
[Site "Internet Chess Club"]
[Date "2020.11.06"]
[Round "1"]
[White "IAlwaysWin"]
[Black "Priccchess"]
[Result "0-1"]
[ICCResult "White forfeits on time"]
[WhiteElo "1951"]
[BlackElo "1801"]
[Opening "Nimzovich-Larsen attack: modern variation"]
[ECO "A01"]
[NIC "VO.08"]
[Time "20:04:18"]
[PlyCount "156"]
[TimeControl "4500+10"]

1. b3 e5 2. Bb2 Nc6 3. Nf3 d6 4. e3 Nf6 5. c4 Bf5 6. a3 Qe7 7. g3 O-O-O 8.
Nc3 d5 9. cxd5 Nxd5 10. Nxd5 Rxd5 11. Bc4 Rd8 12. O-O Bg4 13. Be2 f5 14. b4
a6 15. Ne1 Bh3 16. Ng2 g6 17. b5 axb5 18. a4 b4 19. a5 Na7 20. a6 b6 21.
Qc2 Bg7 22. Rfc1 Bxg2 23. Kxg2 e4 24. Bxg7 Qxg7 25. Rab1 Rd6 26. Rxb4 Rhd8
27. Qb3 Kb8 28. Rbc4 R8d7 29. Qb4 Qf6 30. R1c2 Qe5 31. Rc5 Qe7 32. Qb2 Kc8
33. Re5 Qf6 34. Qc3 Kd8 35. Bb5 c6 36. Bf1 Kc7 37. Re8 Qxc3 38. dxc3 Rd8
39. Re7+ R6d7 40. Rxd7+ Rxd7 41. g4 fxg4 42. Kg3 Rd5 43. Kxg4 Rf5 44. Bg2
h5+ 45. Kh4 Re5 46. Kg3 Rg5+ 47. Kh3 Rg4 48. Rd2 g5 49. Bf1 b5 50. Be2 Rh4+
51. Kg2 Kb6 52. Ra2 g4 53. Bf1 Rh3 54. Kg1 Rf3 55. Bg2 Rf5 56. Bxe4 Rc5 57.
Ra3 h4 58. Kg2 Re5 59. Bd3 c5 60. h3 g3 61. e4 gxf2 62. Kxf2 Rg5 63. Bf1
Rg3 64. Rb3 Kxa6 65. Bg2 Nc6 66. Ra3+ Kb6 67. Ra8 Rxc3 68. Re8 Rc2+ 69. Kf1
b4 70. e5 b3 71. Be4 Rc4 72. Bd3 b2 73. Ke2 Rc3 74. Bf5 Rxh3 75. e6 Nd4+
76. Kd2 Nxf5 77. Rb8+ Kc7 78. Rxb2 Rh2+ { White forfeits on time } 0-1

[Event "ICC tourney 2109 (75 10)"]
[Site "Internet Chess Club"]
[Date "2020.11.06"]
[Round "1"]
[White "goodcrowdchess"]
[Black "gardemarin13"]
[Result "0-1"]
[ICCResult "White checkmated"]
[WhiteElo "1671"]
[BlackElo "1897"]
[Opening "Sicilian: Hungarian variation"]
[ECO "B27"]
[NIC "SI.43"]
[Time "20:04:15"]
[PlyCount "122"]
[TimeControl "4500+10"]

1. e4 c5 2. Nf3 g6 3. d4 cxd4 4. Qxd4 Nf6 5. e5 Nc6 6. Qa4 Nd5 7. Qe4 Nb6
8. Nc3 d5 9. exd6 Bf5 10. dxe7 Bxe7 11. Qe2 O-O 12. Be3 Bf6 13. Rd1 Qc7 14.
Nb5 Qb8 15. c3 Be6 16. b3 Nd5 17. Qd3 Rd8 18. Nbd4 Ne5 19. Nxe5 Qxe5 20.
Be2 Rac8 21. Rc1 Nf4 22. Bxf4 Qxf4 23. Rd1 Bf5 24. Qf3 Qxf3 25. Bxf3 Re8+
26. Be2 Rxc3 27. Nxf5 gxf5 28. h4 Rc2 29. O-O Rexe2 30. g3 Rxa2 31. Rd7 b6
32. Rd6 Be5 33. Rd3 a5 34. Rf3 f6 35. Kh1 Kf7 36. h5 Ke6 37. Rd3 b5 38. h6
a4 39. bxa4 bxa4 40. Rb1 Rab2 41. Rc1 Rec2 42. Rxc2 Rxc2 43. Ra3 Rc4 44.
Ra2 Rb4 45. f4 Bb2 46. Kg2 a3 47. Kf2 Kd5 48. Ke2 Rd4 49. Kf3 Kc4 50. g4
fxg4+ 51. Kxg4 Kb3 52. Kf5 Kxa2 53. Kxf6 Rxf4+ 54. Kg5 Rf1 55. Kg4 Kb3 56.
Kg3 a2 57. Kg2 Rf6 58. Kg3 a1=Q 59. Kg2 Qf1+ 60. Kg3 Rg6+ 61. Kh2 Qg2# {
White checkmated } 0-1

[Event "ICC tourney 2109 (75 10)"]
[Site "Internet Chess Club"]
[Date "2020.11.06"]
[Round "1"]
[White "chesslin"]
[Black "DanielA1926"]
[Result "0-1"]
[ICCResult "White resigns"]
[WhiteElo "1805"]
[BlackElo "1574"]
[Opening "Queen's pawn: London system"]
[ECO "A45"]
[NIC "QP.07"]
[Time "20:03:59"]
[PlyCount "82"]
[TimeControl "4500+10"]

1. d4 Nf6 2. Bf4 e6 3. e3 d5 4. Nd2 c5 5. c3 Nc6 6. Ngf3 Be7 7. Ne5 O-O 8.
Bd3 Nd7 9. Qh5 f5 10. g4 Nf6 11. Qh3 Nxe5 12. dxe5 fxg4 13. Qg2 Nh5 14.
Qxg4 Nxf4 15. exf4 d4 16. Rg1 Rf7 17. Qh5 Rf5 18. Bxf5 exf5 19. c4 a5 20.
Rg3 Ra6 21. O-O-O Bh4 22. Rg2 g6 23. Rdg1 Bd7 24. Qh6 b5 25. Nf3 Be7 26.
cxb5 Bxb5 27. Rxg6+ Rxg6 28. Rxg6+ hxg6 29. Qxg6+ Kf8 30. Qxf5+ Ke8 31. e6
Qb8 32. Ne5 Kd8 33. h4 Qb7 34. f3 Qa6 35. h5 Be8 36. Nf7+ Kc8 37. Ne5 Qf1+
38. Kc2 c4 39. Qe4 d3+ 40. Kc3 Qc1+ 41. Kd4 Qxb2+ { White resigns } 0-1

[Event "ICC tourney 2109 (75 10)"]
[Site "Internet Chess Club"]
[Date "2020.11.06"]
[Round "1"]
[White "orwind"]
[Black "FL2009"]
[Result "0-1"]
[ICCResult "White resigns"]
[WhiteElo "1612"]
[BlackElo "1851"]
[Opening "Ruy Lopez: Berlin defense, open variation"]
[ECO "C67"]
[NIC "RL.07"]
[Time "20:04:33"]
[PlyCount "76"]
[TimeControl "4500+10"]

1. e4 e5 2. Nf3 Nc6 3. Bb5 Nf6 4. O-O Nxe4 5. Re1 Nd6 6. Bxc6 dxc6 7. Nxe5
Be7 8. Nc3 O-O 9. d3 Re8 10. Bf4 Bf6 11. Nf3 Bg4 12. Rxe8+ Qxe8 13. Rb1 Qe6
14. a4 Re8 15. h3 Bh5 16. Bxd6 cxd6 17. Ne4 Bd8 18. Ng3 Bg6 19. Qd2 Bf6 20.
b3 Qd7 21. Rd1 h6 22. d4 d5 23. c4 Re7 24. c5 Qc7 25. b4 b6 26. Qc3 Re6 27.
Rc1 Qb8 28. Nf1 b5 29. a5 Qf4 30. N1d2 a6 31. Nb3 Bd8 32. Ne5 Bc7 33. Nf3
Bh5 34. Nbd2 Bd8 35. Qd3 Bxf3 36. gxf3 Bf6 37. Nb3 Bd8 38. Nd2 Bc7 { White
resigns } 0-1

[Event "ICC tourney 2109 (75 10)"]
[Site "Internet Chess Club"]
[Date "2020.11.06"]
[Round "1"]
[White "hpu2005"]
[Black "rmauskopf24"]
[Result "0-1"]
[ICCResult "White resigns"]
[WhiteElo "1938"]
[BlackElo "1774"]
[Opening "King's Indian defense, 3.Nc3"]
[ECO "E61"]
[NIC "KI.80"]
[Time "20:04:05"]
[PlyCount "76"]
[TimeControl "4500+10"]

1. d4 Nf6 2. c4 g6 3. Nc3 Bg7 4. Nf3 O-O 5. Bg5 d6 6. e3 Nbd7 7. Bd3 Re8 8.
O-O c6 9. Qc2 e5 10. Rad1 Qc7 11. b4 b6 12. h3 Bb7 13. Nd2 h6 14. Bxf6 Bxf6
15. Nb3 Bg7 16. f4 exd4 17. exd4 Re7 18. Ne4 f5 19. Ng3 Rae8 20. Qf2 c5 21.
bxc5 bxc5 22. d5 a5 23. Qc2 a4 24. Nd2 Bd4+ 25. Kh2 Nb6 26. Nf3 Bf6 27. Ne2
Ba6 28. Rg1 Bxc4 29. Bxc4 Nxc4 30. Qxc4 Rxe2 31. Qxa4 R8e3 32. Nd2 Qe7 33.
Nc4 Rc3 34. Qa8+ Kh7 35. Rb1 Qe4 36. Rbf1 Qxc4 37. Qb7+ Bg7 38. Qb1 Qxa2 {
White resigns } 0-1

[Event "ICC tourney 2109 (75 10)"]
[Site "Internet Chess Club"]
[Date "2020.11.06"]
[Round "1"]
[White "StevChess01"]
[Black "davika21"]
[Result "0-1"]
[ICCResult "White resigns"]
[WhiteElo "1717"]
[BlackElo "1924"]
[Opening "QGD: exchange, positional line"]
[ECO "D35"]
[NIC "QO.16"]
[Time "20:03:56"]
[PlyCount "152"]
[TimeControl "4500+10"]

1. d4 d5 2. c4 e6 3. Nc3 Nf6 4. cxd5 exd5 5. Bg5 Be7 6. e3 c6 7. Bd3 O-O 8.
Qc2 Nbd7 9. Nf3 Re8 10. h3 Nf8 11. Bf4 Ng6 12. Bh2 Bd6 13. Bxd6 Qxd6 14.
O-O b6 15. Rac1 Bd7 16. Qb1 Rac8 17. Rfd1 c5 18. dxc5 bxc5 19. b3 Be6 20.
Bc2 Qe7 21. Ng5 Rc7 22. Nxe6 Qxe6 23. Bd3 a6 24. Na4 Qe7 25. Bxa6 Ra8 26.
Bf1 Rd8 27. Nc3 Ne5 28. Qf5 g6 29. Qf4 Nh5 30. Qh2 Qg5 31. Kh1 Rcd7 32. Be2
d4 33. Ne4 Qe7 34. Bxh5 gxh5 35. Rxc5 dxe3 36. Rxd7 Nxd7 37. Rc4 e2 38.
Qg3+ Kh8 39. Qe3 Nb6 40. Qxe2 Nxc4 41. Qxc4 Rd1+ 42. Kh2 Qe5+ 43. g3 Kg7
44. Qc3 Qxc3 45. Nxc3 Rd3 46. Ne4 Rd4 47. Nc3 Rd2 48. Kg2 Rc2 49. Nd5 Rxa2
50. b4 Rd2 51. Nf4 Rd4 52. Nxh5+ Kg6 53. Nf4+ Kf5 54. Kf3 Rxb4 55. Ng2 Rb3+
56. Ne3+ Ke5 57. Kg2 Ke4 58. Ng4 Rb6 59. Ne3 h5 60. g4 hxg4 61. hxg4 Rg6
62. Kf1 Kf3 63. Ke1 Ra6 64. Nd1 Kxg4 65. Ke2 Kf4 66. Ne3 Ra2+ 67. Ke1 Kf3
68. Nd1 Ra1 69. Kd2 Rxd1+ 70. Kxd1 Kxf2 71. Kd2 f5 72. Kd1 f4 73. Kd2 f3
74. Kd1 Kg2 75. Ke1 f2+ 76. Kd2 f1=Q { White resigns } 0-1

[Event "ICC tourney 2109 (75 10)"]
[Site "Internet Chess Club"]
[Date "2020.11.06"]
[Round "1"]
[White "fireheart"]
[Black "vishalanil"]
[Result "0-1"]
[ICCResult "White forfeits on time"]
[WhiteElo "1572"]
[BlackElo "1846"]
[Opening "Sicilian: Canal-Sokolsky attack, 3...Bd7"]
[ECO "B52"]
[NIC "SI.01"]
[Time "20:04:03"]
[PlyCount "120"]
[TimeControl "4500+10"]

1. e4 c5 2. Nf3 d6 3. Bb5+ Bd7 4. Bxd7+ Nxd7 5. b3 Ngf6 6. Qe2 g6 7. c4 Bg7
8. Nc3 O-O 9. O-O Ne8 10. Rd1 Ne5 11. Bb2 Nc7 12. Ne1 Ne6 13. Nc2 Nc6 14.
Rab1 Ncd4 15. Nxd4 Nxd4 16. Qd3 a6 17. Ne2 Nxe2+ 18. Qxe2 Bxb2 19. Rxb2 f5
20. d4 cxd4 21. Rxd4 Qb6 22. Rbd2 fxe4 23. Qxe4 Rf7 24. Qe6 Rf8 25. Rd5 Kg7
26. c5 Qc6 27. b4 dxc5 28. Qxc6 bxc6 29. Rxc5 Rc8 30. Rdc2 Rf6 31. f3 Kf7
32. a4 Rb8 33. R2c4 Rc8 34. Ra5 Ra8 35. Rd4 Rf5 36. Rxf5+ gxf5 37. Rc4 a5
38. Kf2 axb4 39. Rxb4 Kf6 40. Rc4 e6 41. Ke3 Ke5 42. f4+ Kd5 43. Kd3 c5 44.
Kc3 Ra7 45. g3 h5 46. Kd3 Ra6 47. Kc3 Ra7 48. Kd3 Rd7 49. Kc3 Kc6 50. Kc2
Ra7 51. Kb3 Rd7 52. Kc2 Ra7 53. Kb3 Rb7+ 54. Kc2 Rb6 55. a5 Ra6 56. Ra4 Kb5
57. Ra3 Rxa5 58. Rb3+ Kc6 59. Re3 Kd5 60. Re5+ Kd6 { White forfeits on time
} 0-1

[Event "ICC tourney 2109 (75 10)"]
[Site "Internet Chess Club"]
[Date "2020.11.07"]
[Round "2"]
[White "wulovechess"]
[Black "StevChess01"]
[Result "1-0"]
[ICCResult "Black checkmated"]
[WhiteElo "1640"]
[BlackElo "1704"]
[Opening "Sicilian: O'Kelly variation"]
[ECO "B28"]
[NIC "SI.43"]
[Time "11:01:36"]
[PlyCount "37"]
[TimeControl "4500+10"]

1. e4 c5 2. Nf3 a6 3. d4 cxd4 4. Nxd4 Nf6 5. Nc3 e5 6. Nf3 Bb4 7. Bc4 O-O
8. Bg5 Bxc3+ 9. bxc3 Qa5 10. Bxf6 Qxc3+ 11. Nd2 gxf6 12. O-O d6 13. Rb1 Nc6
14. Rb3 Qa5 15. Rg3+ Kh8 16. Qf3 f5 17. Qh5 f4 18. Qh6 fxg3 19. Qxf8# {
Black checkmated } 1-0

[Event "ICC tourney 2109 (75 10)"]
[Site "Internet Chess Club"]
[Date "2020.11.07"]
[Round "2"]
[White "Arsalchess"]
[Black "Mapking1"]
[Result "0-1"]
[ICCResult "White resigns"]
[WhiteElo "1892"]
[BlackElo "1820"]
[Opening "Sicilian: dragon, Yugoslav attack, 10.O-O-O"]
[ECO "B78"]
[NIC "SI.18"]
[Time "11:01:47"]
[PlyCount "48"]
[TimeControl "4500+10"]

1. e4 c5 2. Nf3 d6 3. d4 cxd4 4. Nxd4 Nf6 5. Nc3 g6 6. Be3 Bg7 7. f3 Nc6 8.
Bc4 O-O 9. Qd2 Bd7 10. O-O-O Rc8 11. Bb3 Nxd4 12. Bxd4 b5 13. Kb1 a5 14.
Nd5 a4 15. Nxf6+ Bxf6 16. Bd5 Bxd4 17. Qxd4 e6 18. Bb7 Rb8 19. Ba6 Rb6 20.
Bb7 Rxb7 21. Qxd6 Qc7 22. Qe7 b4 23. h4 a3 24. Rd2 Qe5 { White resigns }
0-1

[Event "ICC tourney 2109 (75 10)"]
[Site "Internet Chess Club"]
[Date "2020.11.07"]
[Round "2"]
[White "TheSuperKing"]
[Black "Niteshc"]
[Result "1-0"]
[ICCResult "Black checkmated"]
[WhiteElo "1742"]
[BlackElo "1619"]
[Opening "Caro-Kann: advance variation"]
[ECO "B12"]
[NIC "CK.02"]
[Time "11:01:35"]
[PlyCount "103"]
[TimeControl "4500+10"]

1. e4 c6 2. d4 d5 3. e5 c5 4. c3 Nc6 5. Be3 Bf5 6. Nd2 e6 7. Be2 cxd4 8.
cxd4 Bb4 9. Nf3 h6 10. O-O Nge7 11. a3 Ba5 12. Nb3 O-O 13. Nxa5 Qxa5 14. b4
Qd8 15. Qb3 Rc8 16. Rac1 Bg4 17. h3 Bh5 18. Rc5 Bxf3 19. Bxf3 Nf5 20. Qd3
a5 21. b5 Na7 22. Rfc1 Qd7 23. a4 b6 24. Rxc8 Rxc8 25. Rc3 Rxc3 26. Qxc3
Qc8 27. Bd2 Qxc3 28. Bxc3 Nc8 29. g4 Nh4 30. Be2 Ng6 31. Bd2 Nce7 32. f4
Nh4 33. Kf2 Kf8 34. Kg3 Nhg6 35. Bd3 Ng8 36. Bxa5 bxa5 37. b6 N6e7 38. Bb5
Nc6 39. Bxc6 Ne7 40. Bd7 Nc6 41. Bxc6 g5 42. b7 gxf4+ 43. Kxf4 f5 44. b8=Q+
Kg7 45. Qc7+ Kh8 46. Qd8+ Kg7 47. Qe7+ Kh8 48. Qf6+ Kg8 49. Be8 Kh7 50.
Bg6+ Kg8 51. Qf7+ Kh8 52. Qf8# { Black checkmated } 1-0

[Event "ICC tourney 2109 (75 10)"]
[Site "Internet Chess Club"]
[Date "2020.11.07"]
[Round "2"]
[White "greenninja"]
[Black "PearsonH"]
[Result "1-0"]
[ICCResult "Black resigns"]
[WhiteElo "1992"]
[BlackElo "1754"]
[Opening "French: Tarrasch, open variation"]
[ECO "C07"]
[NIC "FR.19"]
[Time "11:01:41"]
[PlyCount "81"]
[TimeControl "4500+10"]

1. e4 e6 2. d4 d5 3. Nd2 c5 4. exd5 Qxd5 5. Ngf3 cxd4 6. Bc4 Qd6 7. O-O Nf6
8. Nb3 Nc6 9. Nbxd4 Nxd4 10. Nxd4 a6 11. c3 Qc7 12. Bd3 Bd6 13. h3 b6 14.
Qa4+ Bd7 15. Qb3 O-O 16. Re1 h6 17. a4 Rfd8 18. Be3 Bc5 19. Rad1 Bc8 20.
Qc2 Bb7 21. Qe2 Nd5 22. Be4 Nxe3 23. Qxe3 Bxe4 24. Qxe4 Rac8 25. Nb3 Be7
26. g3 Rxd1 27. Rxd1 Rd8 28. Rxd8+ Qxd8 29. Nd4 Qc8 30. Kg2 Bf6 31. Qc6
Qxc6+ 32. Nxc6 Kh7 33. Kf3 Kg6 34. Ke4 h5 35. h4 Kh7 36. Nb8 b5 37. a5 b4
38. cxb4 Bxb2 39. b5 axb5 40. a6 f5+ 41. Kd3 { Black resigns } 1-0

[Event "ICC tourney 2109 (75 10)"]
[Site "Internet Chess Club"]
[Date "2020.11.07"]
[Round "2"]
[White "LediaScorpion"]
[Black "bonnelleo1"]
[Result "1/2-1/2"]
[ICCResult "Game drawn by mutual agreement"]
[WhiteElo "2005"]
[BlackElo "1894"]
[Opening "QGD: Tartakower (Makagonov-Bondarevsky) system"]
[ECO "D58"]
[NIC "QO.10"]
[Time "11:01:29"]
[PlyCount "60"]
[TimeControl "4500+10"]

1. d4 d5 2. c4 e6 3. Nc3 Nf6 4. Bg5 Be7 5. e3 h6 6. Bh4 O-O 7. Nf3 b6 8.
Rc1 Nbd7 9. Ne5 Bb7 10. cxd5 Nxe5 11. Bxf6 Bxf6 12. dxe5 Bxe5 13. dxe6
Bxc3+ 14. Rxc3 Qxd1+ 15. Kxd1 fxe6 16. f3 Rfd8+ 17. Kc2 c5 18. e4 Rd4 19.
Bc4 Kf7 20. b3 Rad8 21. Rd3 Rxd3 22. Bxd3 Kf6 23. Kc3 Rd4 24. a4 Bc6 25. h4
e5 26. h5 Be8 27. Rh3 Bf7 28. Bc2 Kg5 29. Rg3+ Kf6 30. Rh3 Kg5 { Game drawn
by mutual agreement } 1/2-1/2

[Event "ICC tourney 2109 (75 10)"]
[Site "Internet Chess Club"]
[Date "2020.11.07"]
[Round "2"]
[White "bg26723"]
[Black "playerlucky"]
[Result "1-0"]
[ICCResult "Black checkmated"]
[WhiteElo "1924"]
[BlackElo "1818"]
[Opening "French: King's Indian attack"]
[ECO "C00"]
[NIC "FR.02"]
[Time "11:01:36"]
[PlyCount "71"]
[TimeControl "4500+10"]

1. e4 e6 2. d3 d5 3. Nd2 Nf6 4. g3 Nc6 5. Bg2 Bc5 6. Ngf3 dxe4 7. dxe4 e5
8. O-O O-O 9. c3 a5 10. a4 b6 11. h3 Ba6 12. Re1 Qe7 13. Qc2 Rfd8 14. Bf1
Bb7 15. Nc4 h6 16. Be3 Rab8 17. Nh4 Qe6 18. Nf5 Kh7 19. Bxc5 bxc5 20. Na3
g6 21. Ne3 Na7 22. Nec4 Bxe4 23. Rxe4 Nxe4 24. Qxe4 Nc6 25. Nb5 Rd7 26. Bg2
Rbd8 27. b3 Nb8 28. Nxe5 Rd1+ 29. Rxd1 Rxd1+ 30. Kh2 Qxb3 31. Qf3 Kg7 32.
Nxc7 Re1 33. Qf4 Ra1 34. Bd5 Qb1 35. Qxf7+ Kh8 36. Qg8# { Black checkmated
} 1-0

[Event "ICC tourney 2109 (75 10)"]
[Site "Internet Chess Club"]
[Date "2020.11.07"]
[Round "2"]
[White "VincentT2008"]
[Black "orwind"]
[Result "1-0"]
[ICCResult "Black resigns"]
[WhiteElo "1761"]
[BlackElo "1609"]
[Opening "Benkö gambit accepted"]
[ECO "A58"]
[NIC "BI.45"]
[Time "11:01:46"]
[PlyCount "71"]
[TimeControl "4500+10"]

1. d4 Nf6 2. c4 c5 3. d5 b5 4. cxb5 a6 5. bxa6 e6 6. Nc3 Bxa6 7. g3 Bb7 8.
Bg2 Be7 9. e4 d6 10. Nf3 exd5 11. exd5 O-O 12. O-O Nbd7 13. Re1 Re8 14. h3
Nb6 15. Nh4 Bf8 16. Rxe8 Qxe8 17. Bg5 Qe5 18. Bxf6 Qxf6 19. Qb3 Qd8 20. Re1
Ba6 21. Bf1 Bxf1 22. Kxf1 Nd7 23. Nf3 Nf6 24. Kg2 Rb8 25. Qc2 Qb6 26. b3
Qb7 27. Qf5 Qb4 28. Ne4 Nxe4 29. Qxe4 Qa5 30. Ng5 g6 31. Qf4 Rb7 32. Re8
Qb5 33. Rd8 Qb6 34. Qf6 Qc7 35. Ne6 Qxd8 36. Nxd8 { Black resigns } 1-0

[Event "ICC tourney 2109 (75 10)"]
[Site "Internet Chess Club"]
[Date "2020.11.07"]
[Round "2"]
[White "wahoo"]
[Black "Roger436"]
[Result "1/2-1/2"]
[ICCResult "Game drawn by repetition"]
[WhiteElo "1641"]
[BlackElo "1738"]
[Opening "Sicilian: accelerated fianchetto, exchange variation"]
[ECO "B34"]
[NIC "SI.33"]
[Time "11:01:31"]
[PlyCount "86"]
[TimeControl "4500+10"]

1. e4 c5 2. Nf3 Nc6 3. d4 cxd4 4. Nxd4 g6 5. Nxc6 bxc6 6. Be2 Bg7 7. O-O d6
8. c3 Nf6 9. Bf3 Bd7 10. Be3 O-O 11. Nd2 Qc7 12. Qc2 Rab8 13. Nb3 Be6 14.
Nd4 Nd7 15. Nxe6 fxe6 16. Rfd1 Ne5 17. Be2 c5 18. f4 Nc6 19. Bc4 Qd7 20. f5
Nd8 21. Bxc5 Qc7 22. b4 dxc5 23. b5 Qe5 24. fxe6 Qxc3 25. Qxc3 Bxc3 26.
Rac1 Bd4+ 27. Kh1 Rf6 28. e5 Bxe5 29. Rd7 Bd6 30. Rxa7 Nxe6 31. Re1 Kf7 32.
Ra3 Rb6 33. Rae3 Bc7 34. a4 Rd6 35. g3 Ba5 36. R1e2 g5 37. Kg2 h6 38. Re5
Bb6 39. R5e4 Ba5 40. Re5 Bb6 41. R5e4 Ba5 42. Re5 Bb6 43. R5e4 Ba5 { Game
drawn by repetition } 1/2-1/2

[Event "ICC tourney 2109 (75 10)"]
[Site "Internet Chess Club"]
[Date "2020.11.07"]
[Round "2"]
[White "cdj12417489"]
[Black "Goran21"]
[Result "0-1"]
[ICCResult "White forfeits on time"]
[WhiteElo "1259"]
[BlackElo "2048"]
[Opening "Sicilian: closed"]
[ECO "B24"]
[NIC "SI.44"]
[Time "11:01:32"]
[PlyCount "78"]
[TimeControl "4500+10"]

1. e4 c5 2. Nc3 Nc6 3. g3 g6 4. Bg2 Bg7 5. d3 Nf6 6. Nge2 O-O 7. O-O d6 8.
Bd2 Rb8 9. a3 b5 10. Rb1 b4 11. axb4 cxb4 12. Nd5 Nd7 13. Ne3 Nc5 14. b3 a5
15. Qe1 Ba6 16. f4 e6 17. f5 Nd4 18. Nxd4 Bxd4 19. fxg6 hxg6 20. Qe2 Rc8
21. Kh1 Kg7 22. Ng4 Rh8 23. Rf3 Bb7 24. Rbf1 f5 25. Nf2 Rc7 26. Nh3 fxe4
27. dxe4 Ba6 28. Qd1 Bxf1 29. Rxf1 Be5 30. Bf4 Bxf4 31. Nxf4 e5 32. Nd5 Rf7
33. Bf3 Qg5 34. Qe2 Qxg3 35. Rg1 Qxf3+ 36. Qxf3 Rxf3 37. Rg2 Nxe4 38. Kg1
Rhf8 39. Ne3 Rxe3 { White forfeits on time } 0-1

[Event "ICC tourney 2109 (75 10)"]
[Site "Internet Chess Club"]
[Date "2020.11.07"]
[Round "2"]
[White "pawnpush202044"]
[Black "Nikhilp"]
[Result "1-0"]
[ICCResult "Black resigns"]
[WhiteElo "1907"]
[BlackElo "1738"]
[Opening "King's Indian: Kazakh variation"]
[ECO "E91"]
[NIC "KI.19"]
[Time "11:01:31"]
[PlyCount "87"]
[TimeControl "4500+10"]

1. c4 Nf6 2. d4 g6 3. Nc3 Bg7 4. e4 d6 5. Nf3 O-O 6. Be2 Na6 7. O-O e5 8.
Be3 Ng4 9. Bg5 Qe8 10. d5 f5 11. Ne1 Nf6 12. Bf3 f4 13. Nd3 Nd7 14. Bg4 h6
15. Be6+ Kh8 16. Qg4 Ndc5 17. Nxc5 Nxc5 18. Bxc8 Qxc8 19. Qh4 Kh7 20. f3
Rf7 21. b4 Nd7 22. Qh3 Nb6 23. Qe6 Qf8 24. Bh4 Re8 25. Qh3 Nxc4 26. Rfc1 a6
27. a4 Kg8 28. Bf2 c6 29. Ra2 Rc8 30. Rac2 Rfc7 31. dxc6 Rxc6 32. Nd5 Qf7
33. b5 axb5 34. axb5 Rb8 35. bxc6 bxc6 36. Rxc4 cxd5 37. Rc8+ Rxc8 38.
Qxc8+ Kh7 39. Rc7 Qf6 40. exd5 e4 41. fxe4 f3 42. gxf3 Qxf3 43. Qd7 Qd1+
44. Kg2 { Black resigns } 1-0

[Event "ICC tourney 2109 (75 10)"]
[Site "Internet Chess Club"]
[Date "2020.11.07"]
[Round "2"]
[White "karuto2006"]
[Black "hpu2005"]
[Result "0-1"]
[ICCResult "White resigns"]
[WhiteElo "1709"]
[BlackElo "1967"]
[Opening "Ruy Lopez: 5.O-O"]
[ECO "C78"]
[NIC "RL.12"]
[Time "11:01:54"]
[PlyCount "72"]
[TimeControl "4500+10"]

1. e4 e5 2. Nf3 Nc6 3. Bb5 a6 4. Ba4 Nf6 5. O-O b5 6. Bb3 Bc5 7. c3 d6 8.
d4 exd4 9. cxd4 Bb6 10. h3 O-O 11. Bg5 h6 12. Bh4 g5 13. Bg3 Bb7 14. Re1
Re8 15. e5 dxe5 16. dxe5 Qxd1 17. Bxd1 Nh5 18. Bh2 Nb4 19. Nc3 Nd3 20. Rf1
Nxb2 21. Be2 Rad8 22. Nxg5 hxg5 23. Bxh5 Nd3 24. Rad1 c5 25. Bf3 Bxf3 26.
gxf3 Nxe5 27. Kg2 Nd3 28. Ne4 Re6 29. Bg3 c4 30. h4 gxh4 31. Bxh4 Rd4 32.
Bg3 f5 33. Ng5 Rg6 34. f4 Nxf4+ 35. Bxf4 Rxf4 36. Kg3 Rg4+ { White resigns
} 0-1

[Event "ICC tourney 2109 (75 10)"]
[Site "Internet Chess Club"]
[Date "2020.11.07"]
[Round "2"]
[White "JunlinTheWorld"]
[Black "goodcrowdchess"]
[Result "1-0"]
[ICCResult "Black checkmated"]
[WhiteElo "1845"]
[BlackElo "1669"]
[Opening "Giuoco Piano: Anderssen variation"]
[ECO "C44"]
[NIC "SO.06"]
[Time "11:02:00"]
[PlyCount "89"]
[TimeControl "4500+10"]

1. e4 e5 2. Nf3 Nc6 3. d4 exd4 4. Bc4 Bc5 5. c3 Nf6 6. e5 d5 7. Bb5 Ne4 8.
cxd4 Bb4+ 9. Bd2 Nxd2 10. Nbxd2 O-O 11. O-O Ne7 12. a3 Ba5 13. h3 c6 14.
Bd3 Ng6 15. Qc2 Bd7 16. b4 Bb6 17. Nb3 Qe7 18. Nc5 Be8 19. Nd2 f6 20. f4
fxe5 21. fxe5 Nf4 22. Bxh7+ Kh8 23. Ndb3 Qg5 24. Kh2 g6 25. g3 Kxh7 26. Qd2
Qh5 27. Rxf4 Rxf4 28. gxf4 Qf3 29. Re1 Bxc5 30. Nxc5 b6 31. Nd3 c5 32. dxc5
d4 33. Qe2 Qd5 34. Qe4 Qa2+ 35. Re2 Qxa3 36. Qxa8 Qxd3 37. Qe4 Qc3 38. Qb7+
Kh6 39. Qe7 Qf3 40. Qf8+ Kh7 41. Rg2 Bc6 42. Qf7+ Kh8 43. Qf6+ Kg8 44.
Rxg6+ Kh7 45. Qg7# { Black checkmated } 1-0

[Event "ICC tourney 2109 (75 10)"]
[Site "Internet Chess Club"]
[Date "2020.11.07"]
[Round "2"]
[White "pianoboy"]
[Black "Aram99"]
[Result "0-1"]
[ICCResult "White resigns"]
[WhiteElo "1875"]
[BlackElo "1838"]
[Opening "Grünfeld: exchange variation"]
[ECO "D88"]
[NIC "GI.04"]
[Time "11:01:44"]
[PlyCount "122"]
[TimeControl "4500+10"]

1. d4 Nf6 2. c4 g6 3. Nc3 d5 4. cxd5 Nxd5 5. e4 Nxc3 6. bxc3 Bg7 7. Be3 O-O
8. Bc4 c5 9. Ne2 Nc6 10. O-O Bg4 11. f3 cxd4 12. cxd4 Bd7 13. Rb1 Na5 14.
Bd5 Rb8 15. Bf4 e5 16. dxe5 Be6 17. Qd2 Nc6 18. Bxc6 Qxd2 19. Bxd2 bxc6 20.
Bc3 Bxa2 21. Ra1 Bc4 22. Rfe1 Rb3 23. Bd4 Ra8 24. Nc1 Rb7 25. f4 a5 26. Re3
Bf8 27. Rc3 c5 28. Be3 Rb4 29. Rca3 a4 30. Bd2 Rb2 31. Rxa4 Rd8 32. Be1 Rd1
33. Nd3 Rxa1 34. Nxb2 Rxe1+ 35. Kf2 Re2+ 36. Kf3 Rxb2 37. Rxc4 Rb3+ 38. Kg4
Be7 39. g3 Rb4 40. Rc3 Rxe4 41. Kf3 Rb4 42. g4 f5 43. exf6 Bxf6 44. Rxc5
Rb3+ 45. Kg2 Rb2+ 46. Kg3 Rb3+ 47. Kg2 Bd4 48. Rc8+ Kg7 49. Rc7+ Kh6 50.
g5+ Kh5 51. Rxh7+ Kg4 52. h3+ Kxf4 53. Rh4+ Ke5 54. Rg4 Be3 55. h4 Bf4 56.
Kh1 Kf5 57. Rg2 Rb1+ 58. Rg1 Rxg1+ 59. Kxg1 Kg4 60. h5 Kxh5 61. Kg2 Kxg5 {
White resigns } 0-1